AoeStats
← swoz

Black Forest

509429258Analyzed
2v2 RM · 6d ago on Sep 26, 2026· 66m 42s· 4 players
Game mode
Random Map
Map size
Medium (4 player)
Population
200
Speed
Normal
Resources
Standard
Victory
Conquest
Starting age
Dark Age
Ending age
Imperial Age
RankedLock teamsTeams togetherTeam positionsShared explorationLock speedFull tech treeHidden civsTurbo modeCheats
Victory
Defeat
🇩🇪 Persians · Germany
931
+15
🇩🇪 Britons · Germany
895
+16
🇵🇹 Bohemians · Portugal
927
-16
🇵🇪 Magyars · Peru
882
-15
Beritch
10:19 Feudal Age
15:24 Castle Age
13:15 Double-Bit Axe
14:25 Horse Collar
24:47 Gold Mining
24:51 Stone Mining
25:14 Bow Saw
25:41 Heavy Plow
26:59 Stone Shaft Mining
27:09 Gold Shaft Mining
27:20 Caravan
28:35 Wheelbarrow
29:21 Hand Cart
32:40 Imperial Age
30:45 Forging
30:40 Scale Barding Armor
32:35 Husbandry
32:45 Bloodlines
33:28 Iron Casting
33:13 Chain Barding Armor
32:38 Elite War Elephant
33:40 Conscription
33:39 Guilds
34:44 Two-Man Saw
34:40 Crop Rotation
36:58 Loom
39:35 Blast Furnace
39:16 Plate Barding Armor
46:38 Devotion
51:22 Faith
swoz
10:48 Feudal Age
14:51 Castle Age
13:14 Double-Bit Axe
14:25 Horse Collar
17:09 Loom
18:03 Wheelbarrow
19:23 Town Watch
21:12 Bow Saw
23:00 Heavy Plow
23:17 Stone Mining
24:02 Gold Mining
26:06 Gold Shaft Mining
26:17 Hand Cart
26:30 Caravan
27:03 Town Patrol
29:57 Squires
29:43 Arson
29:20 Man-at-Arms
29:45 Gambesons
29:25 Pikeman
33:30 Imperial Age
31:45 Long Swordsman
32:29 Fletching
32:39 Padded Archer Armor
32:50 Forging
32:41 Scale Mail Armor
33:36 Ballistics
34:28 Yeomen
33:32 Elite Longbowman
34:33 Conscription
35:25 Chemistry
36:01 Two-Man Saw
35:07 Two-Handed Swordsman
35:12 Halberdier
36:04 Warwolf
36:32 Bodkin Arrow
36:53 Leather Archer Armor
38:41 Siege Engineers
38:40 Bracer
39:11 Ring Archer Armor
39:17 Iron Casting
38:57 Chain Mail Armor
39:07 Chain Mail Armor
39:23 Champion
TheRedox
1:31 Loom
11:47 Feudal Age
12:46 Double-Bit Axe
21:44 Castle Age
20:44 Fletching
20:57 Stone Mining
20:58 Gold Mining
20:56 Horse Collar
22:45 Bow Saw
29:42 Heavy Plow
32:10 Wheelbarrow
31:24 Town Watch
35:49 Imperial Age
33:28 Bodkin Arrow
33:39 Scale Barding Armor
34:26 Gold Shaft Mining
34:14 Masonry
34:00 Murder Holes
34:33 Caravan
35:02 Corvinian Army
35:31 Thumb Ring
35:56 Chain Barding Armor
35:37 Padded Archer Armor
36:27 Coinage
37:02 Parthian Tactics
36:40 Bracer
37:16 Plate Barding Armor
37:11 Recurve Bow
38:17 Two-Man Saw
37:27 Town Patrol
37:55 Leather Archer Armor
38:14 Fervor
38:21 Block Printing
38:27 Sanctity
38:42 Conscription
38:07 Elite Magyar Huszar
38:54 Pikeman
39:20 Arson
39:42 Halberdier
39:56 Heavy Scorpion
41:40 Illumination
41:11 Herbal Medicine
42:18 Scale Mail Armor
42:49 Ring Archer Armor
44:42 Banking
44:30 Hand Cart
44:48 Crop Rotation
45:28 Ballistics
46:09 Chemistry
45:15 Siege Engineers
44:52 Treadmill Crane
45:03 Guard Tower
49:44 Chain Mail Armor
49:36 Husbandry
49:47 Bloodlines
62:15 Elite Skirmisher
Circo Lhões
0:57 Loom
14:07 Feudal Age
18:51 Castle Age
21:06 Double-Bit Axe
21:26 Horse Collar
24:03 Wheelbarrow
27:37 Imperial Age
26:18 Caravan
27:55 Pikeman
29:45 Bow Saw
32:00 Conscription
31:43 Scale Mail Armor
32:47 Heavy Plow
33:03 Forging
32:44 Halberdier
34:33 Chain Mail Armor
34:11 Fletching
34:50 Squires
34:41 Arson
37:06 Two-Man Saw
37:03 Plate Mail Armor
38:01 Hand Cart
39:28 Chemistry
39:28 Ballistics
39:08 Murder Holes
39:07 Arrowslits
40:18 Iron Casting
40:54 Wagenburg Tactics
41:07 Houfnice
41:51 Elite Hussite Wagon
43:49 Blast Furnace
53:33 Padded Archer Armor
53:29 Bodkin Arrow
53:32 Elite Skirmisher
55:56 Bracer
56:12 Leather Archer Armor
Connection lost

Rejoining the realm…

Still unreachable

The connection could not be restored.

Session expired

The server has moved on; the page needs a fresh start.